 Dungeon Crawl Stone Soup version 0.20.1-1-g8b1a95d (webtiles) character file.

333 Irenicus the Chopper (level 6, -1/47 HPs)
             Began as a Formicid Monk on Oct 28, 2017.
             Was a Follower of Elyvilon.
             Killed from afar by an orc wizard (11 damage)
             ... with a magic dart
             ... on level 5 of the Dungeon.
             The game lasted 00:07:58 (1848 turns).

Irenicus the Chopper (Formicid Monk)                Turns: 1848, Time: 00:07:59

Health: -1/47      AC:  3    Str: 15    XL:     6   Next: 82%
Magic:  4/6        EV: 12    Int: 10    God:    Elyvilon [*.....]
Gold:   175        SH:  0    Dex: 15    Spells: 5/5 levels left

rFire    . . .     SeeInvis +   a - +0 hand axe
rCold    . . .     Gourm    .   (no shield)
rNeg     . . .     Faith    .   e - +0 leather armour
rPois    .         Spirit   .   (helmet unavailable)
rElec    .         Reflect  .   (no cloak)
rCorr    .         Harm     .   (no gloves)
MR       .....                  (no boots)
Stlth    ++........             (no amulet)
Regen    0.2/turn               d - ring of teleportation (curse)
MPRegen  0.1/turn               (no ring)

@: very slightly contaminated, invisible
A: permanent stasis, dig shafts and tunnels, four strong arms, antennae 3
a: Dig, Shaft Self, Lesser Healing, Divine Protection, Renounce Religion


You were on level 5 of the Dungeon.
You worshipped Elyvilon.
Elyvilon was aware of your devotion.
You were not hungry.

You visited 1 branch of the dungeon, and saw 6 of its levels.

You collected 175 gold pieces.

Inventory:

Hand Weapons
 a - a +0 hand axe (weapon)
 m - a +0 vampiric hand axe
Armour
 b - a +0 robe
 e - a +0 leather armour (worn)
Jewellery
 d - a cursed ring of teleportation (left hand)
 h - a cursed amulet of faith {unknown}
Wands
 t - a wand of random effects (24/48)
Scrolls
 f - a scroll of enchant armour {unknown}
 g - 2 scrolls of teleportation {unknown}
 i - 2 scrolls of identify {unknown}
 j - 2 scrolls of blinking {unknown}
 k - 2 scrolls of fog {unknown}
 l - a scroll of fear {unknown}
 p - 2 scrolls of amnesia {unknown}
 s - a scroll of remove curse {unknown}
Potions
 n - 2 potions of invisibility
 o - a potion of brilliance {unknown}
 q - 2 potions of heal wounds
 r - a potion of might {unknown}
 u - a potion of flight {unknown}
 w - a potion of curing
Comestibles
 c - a bread ration
 v - a meat ration


   Skills:
 - Level 3.2 Fighting
 + Level 7.1 Axes
 - Level 2.6 Dodging
 - Level 2.4 Stealth
 + Level 0.2 Invocations


You had 5 spell levels left.
You didn't know any spells.

Dungeon Overview and Level Annotations

Branches:
Dungeon (6/15)
 Temple: D:4-7

Altars:
Elyvilon
Okawaru
Vehumet
Zin

Annotations:
D:3 ThereIsNoGod's ghost, weakling TrFi


Innate Abilities, Weirdness & Mutations

You cannot be hasted, slowed, berserked, paralysed or teleported.
You can dig through walls and to a lower floor.
Your four strong arms can wield two-handed weapons with a shield.
You have a pair of large antennae on your head. (SInv)


Message History

The orc wizard shouts!
An orc wizard comes into view. It is wielding a dagger.
You strike the helpless orc priest from behind!
You hit the orc priest.
The orc priest is heavily wounded.
The orc priest calls down the wrath of Beogh upon you.
Pain shoots through your body!
* * * LOW HITPOINT WARNING * * *
You strike the helpless orc priest from behind!
You hit the orc priest.
The orc priest is severely wounded.
The orc priest mumbles some strange prayers to Beogh against you.
Beogh smites you! Elyvilon protects you from harm!
You hit the orc priest.
You kill the orc priest!
Your Axes skill increases to level 7!
The orc wizard casts a spell at something.
The magic dart hits you!
You die...

#.# #.#
#.# #.#
#.#
#####.#
#.)...#
#)#######
#...@)o.#
#######.#
{


You could see an orc wizard.

Vanquished Creatures
  Blork the orc (D:5)
  A scorpion (D:3)
  A crimson imp (D:5)
  An orc priest (D:5)
  An iguana (D:5)
  A hound skeleton (D:4)
  4 adders
  4 oozes
  4 worms
  3 leopard geckos
  2 ball pythons (D:2)
  5 bats
  2 giant cockroaches
  7 hobgoblins
  3 jackals (D:2)
  4 kobolds (D:2)
  A quokka (D:2)
  6 frilled lizards
  7 goblins
  4 rats
62 creatures vanquished.

Vanquished Creatures (others)
  An orc (D:5)
1 creature vanquished.

Grand Total: 63 creatures vanquished

Notes
Turn   | Place    | Note
-------+----------+-------------------------------------------
     0 | D:1      | Irenicus the Formicid Monk began the quest for the Orb.
     0 | D:1      | Reached XP level 1. HP: 18/18 MP: 1/1
   116 | D:1      | Reached XP level 2. HP: 14/24 MP: 2/2
   300 | D:1      | Reached skill level 4 in Axes
   300 | D:1      | Reached XP level 3. HP: 17/29 MP: 3/3
   590 | D:2      | Found an iron altar of Okawaru.
   766 | D:2      | Reached XP level 4. HP: 35/35 MP: 4/4
   963 | D:2      | Reached skill level 5 in Axes
  1064 | D:3      | Reached XP level 5. HP: 26/41 MP: 5/5
  1129 | D:3      | Noticed ThereIsNoGod's ghost (weakling TrFi)
  1148 | D:4      | Noticed a phantom
  1588 | D:3      | Found a radiant altar of Vehumet.
  1596 | D:3      | You fall through a shaft for 3 floors!
  1602 | D:6      | Reached skill level 6 in Axes
  1618 | D:5      | Entered Level 5 of the Dungeon
  1637 | D:5      | Reached XP level 6. HP: 43/47 MP: 6/6
  1721 | D:5      | Found a glowing silver altar of Zin.
  1721 | D:5      | Noticed an angel
  1732 | D:5      | Found a white marble altar of Elyvilon.
  1770 | D:5      | Became a worshipper of Elyvilon the Healer
  1770 | D:5      | Reached * piety under Elyvilon
  1770 | D:5      | Reached ** piety under Elyvilon
  1802 | D:5      | Noticed Blork the orc
  1825 | D:5      | HP: 1/47 [Blork the orc/trident (2)]
  1839 | D:5      | Killed Blork the orc
  1847 | D:5      | Elyvilon protects you from harm!
  1848 | D:5      | Reached skill level 7 in Axes
  1848 | D:5      | Killed from afar by an orc wizard

Skill      XL: |  1  2  3  4  5  6 |
---------------+-------------------+-----
Axes           | 4 5 6 7 |  7.1
Fighting       | |  3.2
Dodging        | |  2.6
Stealth        | |  2.4
Invocations    | |  0.2

Action                   |  1- 3 |  4- 6 || total
-------------------------+-------+-------++-------
Melee: Hand axe          |    80 |   166 ||   246
Invok: Lesser Healing    |       |     5 ||     5
 Abil: Dig               |       |     3 ||     3
       Shaft Self        |       |     1 ||     1
Evoke: Wand              |       |     1 ||     1
  Use: Potion            |       |     4 ||     4
 Stab: Sleeping          |     4 |     3 ||     7
       Invisible         |       |     3 ||     3
  Eat: Bread ration      |     1 |     1 ||     2
       Fruit             |     1 |       ||     1
       Chunk             |       |     3 ||     3
Armor: Leather armour    |    15 |    22 ||    37
Dodge: Dodged            |    58 |    86 ||   144
